cohdb
Replays
Latest Replays
All Replays
Popular Replays
Top Player Replays
Match Explorer
How It Works
Community
CoH3 Stats
Reddit
Sign in to upload your games and track your stats! →
Sign in with Steam
Match 39765292
Unlisted
Match 39765292
Overview
Messages
Build Orders
End
Pioneer Squad
Construct Infanterie Kompanie
Selects Terror Battlegroup
Selects Machine Gun Camouflage
Grenadier Squad
Grenadier Squad
Grenadier Squad
Infanterie Officer Quarters
MG 42 Machine Gun Team
Construct Panzergrenadier Kompanie
Pak 40 Anti-tank Gun Team
Selects Contempt for the Weak
Construct Panzer Kompanie
Selects Propaganda Leaflet Drop
Propaganda Leaflet Drop
Medical Bunker
MG 42 Bunker
Sturmpanzer IV Brummbär
Panzer Officer Quarters
Stoßtruppen Squad
CAuMOH
sharpshooter
RtN.momo4sho
Havoc
0
0
Comments
sign in to comment!
No comments posted yet!